 Dungeon Crawl Stone Soup version 0.30-a0-377-g5cb311bc9f (webtiles) character file.

Game seed: 8766313736418208045

93 tio the Covered (level 4, -2/41 HPs)
             Began as a Gnoll Wanderer on Nov 28, 2022.
             Killed by divine providence
             ... invoked by an orc priest
              (10 damage)
             ... on level 4 of the Dungeon.
             The game lasted 00:41:37 (1753 turns).

tio the Covered (Gnoll Wanderer)                    Turns: 1753, Time: 00:41:37

Health: -2/41      AC: 13    Str: 17    XL:     4   Next: 62%
Magic:  17/17      EV:  5    Int: 14    God:
Gold:   141        SH:  0    Dex: 11    Spells: 8/9 levels left

rFire   . . .      SeeInvis .    q - +2 dagger (drain)
rCold   . . .      Faith    .    (no shield)
rNeg    . . .      Spirit   .    p - +0 plate armour
rPois   .          Reflect  .    (no helmet)
rElec   .          Harm     .    (no cloak)
rCorr   .          Rampage  .    (no gloves)
Will    .....                    (no boots)
Stlth   ..........               (no amulet)
HPRegen 0.26/turn                f - ring of magical power
MPRegen 0.15/turn                i - +6 ring of strength

@: no status effects
A: fangs 1, strong nose, distributed training
a: no special abilities


You were on level 4 of the Dungeon.
You visited 1 branch of the dungeon, and saw 3 of its levels.

You collected 141 gold pieces.

Inventory:

Hand Weapons
 a - a +1 sling
 h - a +2 sling of flaming
 q - a +2 dagger of draining (weapon)
Armour
 c - a +0 robe
 p - a +0 plate armour (worn)
Jewellery
 f - a ring of magical power (left hand)
 i - a +6 ring of strength (right hand)
Wands
 m - a wand of flame (19)
Scrolls
 e - a scroll of vulnerability
 j - a scroll of summoning {unknown}
Potions
 b - 3 potions of might
 d - a potion of magic {unknown}
 g - a potion of flight
 l - a potion of haste {unknown}


   Skills:
 + Level 6.6 Fighting
 + Level 1.2 Short Blades
 + Level 1.2 Long Blades
 + Level 1.2 Axes
 + Level 1.2 Maces & Flails
 + Level 1.2 Polearms
 + Level 1.2 Staves
 + Level 2.8 Ranged Weapons
 + Level 1.2 Throwing
 + Level 6.6 Armour
 + Level 1.2 Dodging
 + Level 1.2 Stealth
 + Level 1.2 Shields
 + Level 1.2 Unarmed Combat
 + Level 3.0 Spellcasting
 + Level 1.0 Conjurations
 + Level 1.0 Hexes
 + Level 1.0 Summonings
 + Level 1.0 Necromancy
 + Level 1.0 Translocations
 + Level 1.0 Transmutations
 + Level 1.0 Fire Magic
 + Level 1.0 Ice Magic
 + Level 1.0 Air Magic
 + Level 1.0 Earth Magic
 + Level 3.9 Poison Magic
 + Level 1.3 Invocations
 + Level 1.2 Evocations


You had 8 spell levels left.
You knew the following spells:

 Your Spells              Type           Power      Damage    Failure   Level
a - Sting                 Tmut/Pois      36%        1d4       95%         1

Your spell library contained the following spells:

 Spells                   Type           Power      Damage    Failure   Level
 Cigotuvi's Dreadful Rot  Necr/Pois/Air  14%        N/A       99%         2
 Poisonous Vapours        Pois/Air       18%        N/A       99%         2
 Ensorcelled Hibernation  Hex/Ice        10%        N/A       100%        2
 Passwall                 Tmut/Erth      4%         N/A       100%        2
 Mephitic Cloud           Conj/Pois/Air  7%         N/A       100%        3
 Swiftness                Air            5%         N/A       100%        3
 Olgreb's Toxic Radiance  Pois           13%        N/A       100%        4


Dungeon Overview and Level Annotations

Branches:
Dungeon (4/15)
 Temple: D:4-7

Altars:


Innate Abilities, Weirdness & Mutations

You have very sharp teeth.
Your uncanny sense of smell can sniff out nearby items.
Your experience applies equally to all skills.


Message History

The orc is severely wounded.
The orc hits you but does no damage.
The orc priest invokes the aid of Beogh against you.
Beogh smites you!
* * * LOW HITPOINT WARNING * * *
The orc priest closely misses your butterfly.
The orc hits your butterfly with a +0 whip.
Your butterfly dies!
Your butterfly disappears in a burst of colours!
You swap places.
The orc hits your butterfly with a +0 whip.
Your butterfly dies!
Your butterfly disappears in a burst of colours!
The orc priest hits your butterfly with a +0 dagger.
Your butterfly dies!
Your butterfly disappears in a burst of colours!
The orc completely misses your butterfly.
The orc priest misses your butterfly.
Your butterfly disappears in a burst of colours!
The orc hits your butterfly with a +0 whip.
Your butterfly dies!
Your butterfly disappears in a burst of colours!
The orc priest misses your butterfly. The orc misses your butterfly.
The orc priest hits your butterfly with a +0 dagger.
Your butterfly dies!
Your butterfly disappears in a burst of colours!
Your butterfly disappears in a burst of colours!
The orc priest hits your butterfly with a +0 dagger.
Your butterfly dies!
Your butterfly disappears in a burst of colours!
The orc closely misses your butterfly. The orc barely misses your butterfly.
Something hits your butterfly.
Your butterfly dies!
Your butterfly disappears in a burst of colours!
Your butterfly disappears in a burst of colours!
Your butterfly disappears in a burst of colours!
The orc priest invokes the aid of Beogh against you.
Beogh smites you!
You die...

.#... .. ..... ∆###.
#.... #.#... .....
#.#.#.#####....
#..o...........
#.####...)....#
#####.#b..b..#.....
#.@...b.b.)..#.....
###.###..oobb.b#.....
#.....b...b.bbb#..#..
#.#.b.b##......#..###
#.#.##.##...b......
........#.b..###..#
.#.#..#......## #....
#.#.#..#.###..# ... #
# ...... ...# #.


You could see an orc priest (ally target) and an orc (ally target).

Vanquished Creatures
  An adder (D:2)
  4 worms (D:2)
  3 dart slugs (D:1)
  An orc (D:4)
  5 bats
  2 endoplasms
  3 giant cockroaches
  6 goblins
  9 hobgoblins
  7 jackals (D:1)
  A kobold (D:2)
  A quokka (D:2)
  8 ball pythons
  3 frilled lizards (D:1)
  9 rats
63 creatures vanquished.

Notes
Turn   | Place    | Note
-------+----------+-------------------------------------------
     0 | D:1      | tio the Gnoll Wanderer began the quest for the Orb.
     0 | D:1      | tio set off with the following items: a +1 sling, a potion
                  | of might, a +0 robe; and the following spell memorised:
                  | Sting; and the following spells available to memorise:
                  | Cigotuvi's Dreadful Rot, Olgreb's Toxic Radiance.
     0 | D:1      | Reached XP level 1. HP: 23/23 MP: 4/4
    95 | D:1      | Reached XP level 2. HP: 29/29 MP: 5/5
   254 | D:1      | Reached XP level 3. HP: 34/35 MP: 7/7
   452 | D:1      | Reached skill level 1 in Invocations
   723 | D:1      | Reached skill level 1 in Short Blades
   723 | D:1      | Reached skill level 1 in Long Blades
   723 | D:1      | Reached skill level 1 in Axes
   723 | D:1      | Reached skill level 1 in Maces & Flails
   723 | D:1      | Reached skill level 1 in Polearms
   723 | D:1      | Reached skill level 1 in Staves
   723 | D:1      | Reached skill level 1 in Throwing
   723 | D:1      | Reached skill level 1 in Dodging
   723 | D:1      | Reached skill level 1 in Stealth
   723 | D:1      | Reached skill level 1 in Shields
   723 | D:1      | Reached skill level 1 in Unarmed Combat
   723 | D:1      | Reached skill level 1 in Evocations
  1234 | D:2      | Reached XP level 4. HP: 41/41 MP: 8/8
  1575 | D:2      | Reached skill level 1 in Conjurations
  1575 | D:2      | Reached skill level 1 in Hexes
  1575 | D:2      | Reached skill level 1 in Summonings
  1575 | D:2      | Reached skill level 1 in Necromancy
  1575 | D:2      | Reached skill level 1 in Translocations
  1575 | D:2      | Reached skill level 1 in Transmutations
  1575 | D:2      | Reached skill level 1 in Fire Magic
  1575 | D:2      | Reached skill level 1 in Ice Magic
  1575 | D:2      | Reached skill level 1 in Air Magic
  1575 | D:2      | Reached skill level 1 in Earth Magic
  1723 | D:2      | You fall into a shaft and drop 2 floors!
  1753 | D:4      | Killed from afar by an orc priest

Illustrated notes

Levels and vault maps discovered:
D:1:      lightli_arrival_noodles, layout_loops_cross, serial_forest,
          infiniplex_forest_lined_room_, infiniplex_forest_zigzag_1,
          infiniplex_forest_straight_3, infiniplex_forest_lined_2,
          infiniplex_forest_end_2, infiniplex_forest_straight_3,
          infiniplex_forest_lined_corner, minmay_rat_gold_closets
D:2:      layout_loops_ring, hangedman_decor_clover_reticule, minmay_surrounded
D:4:      layout_basic, lemuel_temple_firewalk_b

Skill      XL: |  1  2  3  4 |
---------------+-------------+-----
Invocations    | 1 |  1.3
Short Blades   | 1 |  1.2
Long Blades    | 1 |  1.2
Axes           | 1 |  1.2
Maces & Flails | 1 |  1.2
Polearms       | 1 |  1.2
Staves         | 1 |  1.2
Throwing       | 1 |  1.2
Dodging        | 1 |  1.2
Stealth        | 1 |  1.2
Shields        | 1 |  1.2
Unarmed Combat | 1 |  1.2
Evocations     | 1 |  1.2
Spellcasting   | 3 |  3.0
Conjurations   | 1 |  1.0
Hexes          | 1 |  1.0
Summonings     | 1 |  1.0
Necromancy     | 1 |  1.0
Translocations | 1 |  1.0
Transmutations | 1 |  1.0
Fire Magic     | 1 |  1.0
Ice Magic      | 1 |  1.0
Air Magic      | 1 |  1.0
Earth Magic    | 1 |  1.0
Fighting       | |  6.6
Ranged Weapons | |  2.8
Armour         | |  6.6
Poison Magic   | |  3.9

Action                   |  1- 3 |  4- 6 || total
-------------------------+-------+-------++-------
Melee: Hand axe          |    61 |       ||    61
       Bite              |     8 |       ||     8
       Punch             |     1 |       ||     1
       Dagger            |       |     9 ||     9
 Fire: Sling             |    98 |    36 ||   134
Evoke: Wand              |       |     2 ||     2
  Use: Scroll            |     3 |     6 ||     9
 Stab: Sleeping          |     2 |       ||     2
Armor: Robe              |    46 |     1 ||    47
       Plate armour      |       |    30 ||    30
Dodge: Dodged            |   129 |    13 ||   142

Table legend: (Time is in decaauts)
 A = Elapsed time spent in this place.
 B = Non-inter-level travel time spent in this place.
 C = Inter-level travel time spent in this place.
 D = Time resting spent in this place.
 E = Time spent auto-exploring this place.
 F = Levels seen in this place.
 G = Mean time per level.
                   A        B        C        D        E       F      G
               +--------+--------+--------+--------+--------+-----+--------+
         Total |   1813 |    708 |   1105 |      0 |      0 |   3 |  604.3 |
       Dungeon |   1813 |    708 |   1105 |      0 |      0 |   3 |  604.3 |
               +--------+--------+--------+--------+--------+-----+--------+

Top non-repeatable levels by time:
     D:1: 1044 daAuts
     D:2: 740 daAuts
     D:4: 29 daAuts
